 Dungeon Crawl Stone Soup version 0.18.1-48-g4cf74bf (webtiles) character file.

27874 lyrx the Executioner (level 13, 0/85 HPs)
             Began as a Hill Orc Berserker on Aug 18, 2016.
             Was a High Priest of Trog.
             Shot with a bolt by a yaktaur (6 damage)
             ... on level 14 of the Dungeon on Aug 20, 2016.
             The game lasted 01:49:21 (12779 turns).

lyrx the Executioner (Hill Orc Berserker)          Turns: 12779, Time: 01:49:22

Health: 0/85       AC: 20    Str: 24 (25) XL:     13   Next: 35%
Magic:  11/11      EV:  9    Int:  7      God:    Trog [*****.]
Gold:   634        SH:  0    Dex: 10      Spells: 0 memorised, 12 levels left

rFire  + . .     SeeInvis .     k - +6 battleaxe (freeze)
rCold  + . .     Gourm    .     a - +0 plate armour
rNeg   . . .     Faith    .     (shield currently unavailable)
rPois  .         Spirit   .     e - +0 helmet
rElec  .         Dismiss  .     (no cloak)
rCorr  .         Reflect  .     (no gloves)
SustAt .         Harm     +     n - +2 pair of boots
MR     +....                    x - amulet of harm
Stlth  ..........               I - ring of protection from fire
                                z - ring of protection from magic

@: exhausted, slowed, very slow, somewhat resistant to hostile enchantments,
extremely unstealthy
A: fangs 1, hooves 1, repulsion field 1, thin metallic scales 1, cold resistance
1, deterioration 1, frail 1, low mp 1
a: Berserk, Trog's Hand, Brothers in Arms, Burn Spellbooks, Renounce Religion


You were on level 14 of the Dungeon.
You worshipped Trog.
Trog was extremely pleased with you.
You were hungry.

You visited 2 branches of the dungeon, and saw 15 of its levels.
You also visited: Sewer.

You collected 823 gold pieces.
You spent 189 gold pieces at shops.

Inventory:

Hand Weapons
 d - a +1 triple crossbow of freezing
 k - a +6 battleaxe of freezing (weapon)
 p - a +2 battleaxe of flaming
 L - a +2 hand axe of draining
Armour
 a - a +0 plate armour (worn)
 e - a +0 helmet (worn)
 n - a +2 pair of boots (worn)
Jewellery
 g - a +2 ring of intelligence
 s - an uncursed ring of flight
 x - an amulet of harm (around neck)
 z - a ring of protection from magic (left hand)
 I - a ring of protection from fire (right hand)
Wands
 m - a wand of slowing (37/48)
 q - a wand of flame (4/48)
 u - a wand of iceblast (3/15)
 B - a wand of lightning (4/15)
 H - a wand of polymorph (16/24)
 M - a wand of iceblast (6/15)
 O - a wand of teleportation (6/9)
Scrolls
 f - 6 scrolls of teleportation
 l - 3 scrolls of blinking
 r - a scroll of fear
 w - 4 scrolls of magic mapping
 y - 8 scrolls of remove curse
 A - 6 scrolls of identify
 D - 5 scrolls of enchant armour
 E - a scroll of silence
 F - a scroll of immolation {unknown}
 G - a scroll of recharging
 K - a scroll of fog
Potions
 b - 2 potions of brilliance
 i - a potion of might
 o - 3 potions of ambrosia
 t - 2 potions of flight
 C - 3 potions of curing
 J - a potion of cure mutation
 N - a potion of heal wounds
Miscellaneous
 h - a lamp of fire
 v - a phantom mirror
Comestibles
 c - 13 bread rations
 j - 9 meat rations
 P - 2 fruits
 Q - 6 chunks of flesh


   Skills:
 - Level 3.6 Fighting
 * Level 23.9 Axes
 + Level 8.6 Armour
 - Level 1.5 Dodging


You had 12 spell levels left.
You didn't know any spells.

Dungeon Overview and Level Annotations

Branches:
Dungeon (14/15)            Temple (1/1) D:4            Lair (0/8) D:10
    Orc (0/2) D:11         Vaults (0/5) D:13

Altars:
Ashenzari
Cheibriados
Dithmenos
Elyvilon
Fedhas
Gozag
Kikubaaqudgha
Makhleb
Nemelex Xobeh
Okawaru
Pakellas
Qazlal
Ru
Sif Muna
Trog
Vehumet
Xom
Yredelemnul
Zin
The Shining One

Shops:
D:4 ?   D:5 [   D:10 (


Innate Abilities, Weirdness & Mutations

You have very sharp teeth.
You have large cloven feet.
You are surrounded by a mild repulsion field (EV +2).
You are partially covered in thin metallic scales (AC +2).
Your flesh is cold resistant.
Your body sometimes deteriorates upon taking damage.
You are frail (-10% HP).
Your magical capacity is low (-10% MP).


Message History

The tengu warrior claws you but does no damage.
You closely miss the tengu warrior.
The tengu warrior is almost dead.
A yaktaur comes into view.
The yaktaur shouts!
You hit the tengu warrior. You freeze the tengu warrior.
You kill the tengu warrior!
Trog accepts your kill.
The yaktaur wields an arbalest.
The yaktaur shoots a bolt.
The bolt hits you!
* * * LOW HITPOINT WARNING * * *
A yaktaur comes into view.
You are no longer berserk.
Trog's vigour flows through your veins.
You are exhausted.
You feel yourself slow down.
You are feeling hungry.
The yaktaur shoots a bolt.
The bolt hits you.
* * * LOW HITPOINT WARNING * * *
The yaktaur shoots a bolt.
The bolt hits you.
You die...

#...<#
####....####
#.............
#.............
#.........####
#.........#
#.........#
#.........#
#.@#####..#
##########..#
..#
.......[....#
.#
.......().†.#
...c..).....#
............#
....c.......#
....c.......#
c..###..?.....


You could see 2 yaktaurs.

Vanquished Creatures
  Rupert (D:12)
  2 hydras (D:13)
  A death knight (D:11)
  A tengu warrior (D:14)
  2 unseen horrors (D:13)
  A wizard (D:14)
  4 hill giants
  A phantasmal warrior (D:13)
  4 ugly things
  A deep elf mage (D:13)
  A cyclops (D:11)
  A guardian serpent (shapeshifter) (D:13)
  Maurice (D:10)
  Psyche (D:9)
  3 kobold demonologists (D:11)
  A freezing wraith (D:14)
  A tengu conjurer (D:14)
  2 trolls
  A spriggan (D:7)
  4 wraiths
  2 wyverns
  3 hippogriffs
  20 yaks
  2 hungry ghosts
  6 vampire mosquitoes
  A steam dragon (D:12)
  A soldier ant (shapeshifter) (D:11)
  A soldier ant (D:13)
  A water moccasin (D:10)
  3 ice beasts
  A wasp (D:11)
  2 black bears
  2 necrophages
  4 orc warriors
  5 phantoms
  9 ogres
  2 centaurs
  9 big kobolds
  8 giant frogs
  8 scorpions
  A water moccasin skeleton (D:4)
  20 killer bees
  5 jellies
  A troll zombie (D:11)
  7 wights
  3 electric eels (D:9)
  A howler monkey (D:12)
  2 crimson imps
  2 giant frog zombies
  2 quasits
  2 centaur zombies (D:10)
  2 giant frog skeletons (D:13)
  8 hounds
  10 orc wizards
  An orc priest (D:7)
  2 gnoll shamans
  3 centaur skeletons
  3 iguanas
  Natasha (D:3)
  9 worker ants
  2 killer bee zombies
  7 ogre zombies (D:11)
  3 hound zombies
  A hound skeleton (D:11)
  A worker ant zombie (D:11)
  Robin (D:2)
  13 adders
  11 gnolls
  2 river rats (Sewer)
  8 shadow imps
  4 oozes
  2 adder skeletons
  2 worms
  The ghost of pedritolo the Charlatan, a weakling FoAr (D:8)
  2 dart slugs
  A giant gecko (D:1)
  35 orcs
  4 ball pythons
  5 bats
  7 giant cockroaches
  25 hobgoblins
  4 jackals (D:4)
  33 kobolds
  A quokka (D:2)
  A giant gecko skeleton (D:4)
  A giant gecko zombie (D:7)
  6 giant newts
  24 goblins
  A goblin skeleton (D:11)
  2 goblin zombies (D:11)
  2 hobgoblin zombies (D:11)
  2 orc skeletons (D:11)
  18 orc zombies (D:11)
  A quokka skeleton (D:10)
  A quokka zombie (D:6)
  16 rats
  6 plants (D:9)
465 creatures vanquished.

Vanquished Creatures (collateral kills)
  An orc warrior (D:7)
  A phantom (D:5)
  2 giant frogs
  A wight (D:7)
  3 howler monkeys (D:12)
  2 electric eels (D:9)
  A giant frog zombie (D:12)
  A giant frog skeleton (D:12)
  An adder (D:5)
  2 orcs
  4 jackals (D:5)
  A quokka skeleton (D:7)
20 creatures vanquished.

Vanquished Creatures (others)
  A black bear (D:6)
  A howler monkey (D:6)
  An orc (D:6)
  A quokka (D:9)
4 creatures vanquished.

Grand Total: 489 creatures vanquished

Notes
Turn   | Place    | Note
--------------------------------------------------------------
     0 | D:1      | lyrx the Hill Orc Berserker began the quest for the Orb.
     0 | D:1      | Reached XP level 1. HP: 19/19 MP: 1/1
   286 | D:1      | Reached XP level 2. HP: 19/26 MP: 2/2
   446 | D:1      | Reached skill level 5 in Axes
   587 | D:1      | Reached XP level 3. HP: 24/31 MP: 3/3
   635 | D:1      | Reached ** piety under Trog
  1029 | D:2      | Reached skill level 6 in Axes
  1052 | D:2      | Found a shattered altar of Ashenzari.
  1100 | D:2      | Reached XP level 4. HP: 38/39 MP: 4/4
  1130 | D:2      | Found a stormy altar of Qazlal.
  1136 | D:2      | Found a blossoming altar of Fedhas.
  1279 | D:2      | Noticed Robin
  1291 | D:2      | Killed Robin
  1297 | D:2      | Reached skill level 7 in Axes
  1379 | D:2      | Found a shimmering altar of Xom.
  1697 | D:2      | Reached XP level 5. HP: 38/45 MP: 5/5
  1810 | D:3      | Reached *** piety under Trog
  1823 | D:3      | Found a glowing drain.
  1851 | Sewer    | Entered a sewer
  1930 | Sewer    | Noticed a big kobold
  1945 | Sewer    | Killed a big kobold
  1945 | Sewer    | Reached skill level 8 in Axes
  2055 | Sewer    | Reached XP level 6. HP: 51/51 MP: 6/6
  2114 | Sewer    | Reached skill level 9 in Axes
  2173 | Sewer    | Gained mutation: You have sharp toenails. [potion of mutation]
  2173 | Sewer    | Gained mutation: You are surrounded by a mild repulsion field (EV +2). [potion of mutation]
  2293 | D:3      | Noticed Natasha
  2297 | D:3      | Killed Natasha
  2297 | D:3      | Reached **** piety under Trog
  2920 | D:4      | Noticed a phantom
  2929 | D:4      | Killed a phantom
  2929 | D:4      | Reached skill level 10 in Axes
  2929 | D:4      | Reached XP level 7. HP: 57/57 MP: 7/7
  3094 | D:4      | Found a shadowy altar of Dithmenos.
  3094 | D:4      | Found a glowing golden altar of the Shining One.
  3173 | D:4      | Found Cocluu's Magic Scroll Emporium.
  3176 | D:4      | Bought a scroll of enchant armour for 105 gold pieces
  3269 | D:4      | Reached skill level 11 in Axes
  3466 | D:4      | Found a staircase to the Ecumenical Temple.
  3473 | Temple   | Entered the Ecumenical Temple
  3876 | D:5      | Entered Level 5 of the Dungeon
  3899 | D:5      | Reached XP level 8. HP: 40/64 MP: 8/8
  3919 | D:5      | Reached skill level 12 in Axes
  4353 | D:5      | Reached skill level 13 in Axes
  4359 | D:5      | Received a gift from Trog
  4593 | D:5      | Found a glowing golden altar of the Shining One.
  4758 | D:5      | Found Utokhluq's Antique Armour Shoppe.
  4919 | D:4      | Bought a scroll of teleportation for 42 gold pieces
  4919 | D:4      | Bought a scroll of remove curse for 42 gold pieces
  5130 | D:6      | Found a shimmering altar of Xom.
  5247 | D:6      | Reached skill level 14 in Axes
  5418 | D:6      | Reached XP level 9. HP: 70/70 MP: 9/9
  5514 | D:6      | Reached ***** piety under Trog
  5914 | D:7      | Reached skill level 15 in Axes
  6161 | D:7      | Reached skill level 16 in Axes
  6495 | D:7      | Reached XP level 10. HP: 62/77 MP: 10/10
  6848 | D:7      | Lost mutation: You have sharp toenails. [potion of cure mutation]
  6894 | D:8      | Reached skill level 17 in Axes
  7101 | D:8      | Noticed pedritolo's ghost (weakling FoAr)
  7106 | D:8      | Killed pedritolo's ghost
  7546 | D:8      | Identified a scroll of acquirement
  7632 | D:9      | Found an oddly glowing altar of Pakellas.
  7995 | D:9      | Found a glowing silver altar of Zin.
  8036 | D:9      | Reached skill level 18 in Axes
  8120 | D:9      | Noticed Psyche
  8130 | D:9      | Killed Psyche
  9153 | D:9      | Found a stormy altar of Qazlal.
  9252 | D:10     | Entered Level 10 of the Dungeon
  9325 | D:10     | Noticed a hill giant
  9353 | D:10     | Killed a hill giant
  9353 | D:10     | Reached skill level 19 in Axes
  9489 | D:10     | Noticed Maurice
  9494 | D:10     | Killed Maurice
  9494 | D:10     | Reached XP level 11. HP: 82/82 MP: 11/11
  9562 | D:10     | Reached skill level 5 in Armour
  9770 | D:10     | Found Xahi's Antique Weapon Shop.
  9853 | D:10     | Reached skill level 20 in Axes
  9952 | D:10     | Found a staircase to the Lair.
 10224 | D:11     | Received a gift from Trog
 10279 | D:11     | Found a staircase to the Orcish Mines.
 10452 | D:11     | Noticed a death knight
 10468 | D:11     | Killed a death knight
 10588 | D:11     | Noticed a hill giant
 10589 | D:11     | Noticed a cyclops
 10599 | D:11     | Killed a hill giant
 10602 | D:11     | Killed a cyclops
 10655 | D:11     | Gained mutation: You are partially covered in thin metallic scales (AC +2). [mutagenic meat]
 10701 | D:11     | Reached skill level 21 in Axes
 10715 | D:11     | Noticed a purple ugly thing
 10724 | D:11     | Killed a purple ugly thing
 10724 | D:11     | Reached XP level 12. HP: 90/90 MP: 12/12
 11132 | D:12     | Gained mutation: Potions and wands are less effective at restoring your health. [mutagenic meat]
 11133 | D:12     | Lost mutation: Potions and wands are less effective at restoring your health. [mutagenic meat]
 11273 | D:12     | Noticed Rupert
 11299 | D:12     | Killed Rupert
 11299 | D:12     | Reached skill level 22 in Axes
 11354 | D:12     | Gained mutation: You are frail (-10% HP). [mutagenic meat]
 11355 | D:12     | Gained mutation: Your flesh is cold resistant. [mutagenic meat]
 11356 | D:12     | Gained mutation: You have large cloven feet. [potion of mutation]
 11356 | D:12     | Gained mutation: Your body sometimes deteriorates upon taking damage. [potion of mutation]
 11357 | D:12     | Gained mutation: Your magical capacity is low (-10% MP). [potion of mutation]
 11357 | D:12     | Gained mutation: You have very sharp teeth. [potion of mutation]
 12087 | D:13     | Reached skill level 23 in Axes
 12257 | D:13     | Reached XP level 13. HP: 85/85 MP: 11/11
 12260 | D:13     | Received a gift from Trog
 12339 | D:13     | Found a gate to the Vaults.
 12779 | D:14     | Shot with a bolt by a yaktaur

Skill      XL: |  1  2  3  4  5  6  7  8  9 10 11 12 13 |
---------------+----------------------------------------+-----
Axes           | 5 6 7 8 10 11 14 16 19 21 23 | 23.9
Armour         | 4 6 7 8 |  8.6
Fighting       | |  3.6
Dodging        | |  1.5

Action                   |  1- 3 |  4- 6 |  7- 9 | 10-12 | 13-15 || total
-------------------------+-------+-------+-------+-------+-------++-------
Melee: Hand axe          |   115 |   223 |   257 |       |       ||   595
       Kick              |       |    11 |   112 |       |       ||   123
       Battleaxe         |       |       |   166 |   580 |    58 ||   804
       Bite              |       |       |       |     7 |     7 ||    14
Invok: Berserk           |     3 |     6 |    17 |    25 |     5 ||    56
       Trog's Hand       |       |     1 |     3 |     2 |       ||     6
       Brothers in Arms  |       |       |     3 |     4 |       ||     7
       Burn Spellbooks   |       |       |       |     3 |       ||     3
  Use: Potion            |       |     6 |     1 |    10 |       ||    17
       Scroll            |       |       |     2 |    13 |       ||    15
 Stab: Distracted        |       |       |       |     1 |       ||     1
  Eat: Chunk             |     4 |    11 |    28 |    36 |     2 ||    81
       Pizza             |       |       |     1 |       |       ||     1
       Beef jerky        |       |       |     2 |     2 |       ||     4
       Bread ration      |       |       |       |     2 |       ||     2
       Meat ration       |       |       |       |     2 |       ||     2
       Royal jelly       |       |       |       |     1 |     1 ||     2
       Fruit             |       |       |       |       |     1 ||     1
Armor: Animal skin       |     4 |       |       |       |       ||     4
       Leather armour    |    22 |    35 |    34 |       |       ||    91
       Chain mail        |       |       |    42 |       |       ||    42
       Plate armour      |       |       |    45 |   276 |    46 ||   367
Dodge: Dodged            |    83 |    90 |   187 |   180 |    26 ||   566
